 Dungeon Crawl Stone Soup version 0.31-a0-626-g8143ab4f1d (webtiles) character file.

Game seed: 359716915311981058

130 Maratek the Trooper (level 4, -1/37 HPs)
             Began as a Demonspawn Fighter on Aug 24, 2023.
             Succumbed to a water moccasin's poison
             ... on level 3 of the Dungeon.
             The game lasted 00:02:16 (1810 turns).

Maratek the Trooper (Demonspawn Fighter)            Turns: 1810, Time: 00:02:16

Health: -1/37      AC:  7    Str: 18    XL:     4   Next: 89%
Magic:  4/4        EV:  9    Int: 10    God:
Gold:   101        SH:  5    Dex: 18    Spells: 3/3 levels left

rFire   . . .        a - +0 war axe
rCold   . . .        c - +0 buckler
rNeg    . . .        b - +0 scale mail
rPois   .            (helmet restricted)
rElec   .            (no cloak)
rCorr   .            (no gloves)
SInv    .            (no boots)
Will    .....        i - amulet of regeneration Stlth
                     h - +6 ring of dexterity
HPRegen 1.06/turn    (no ring)
MPRegen 0.09/turn

%: no passive effects
@: lethally poisoned (-1 -> -5)
A: horns 1, rugged brown scales 1
a: no special abilities


You were on level 3 of the Dungeon.
You visited 1 branch of the dungeon, and saw 3 of its levels.

You collected 101 gold pieces.

Inventory:

Hand Weapons
 a - a +0 war axe (weapon)
Armour
 b - a +0 scale mail (worn)
 c - a +0 buckler (worn)
Jewellery
 h - a +6 ring of dexterity (left hand)
 i - an amulet of regeneration (around neck)
 t - a ring of positive energy
Scrolls
 e - a scroll of noise {unknown}
 g - 2 scrolls of revelation {unknown}
 j - a scroll of identify {unknown}
 l - a scroll of enchant weapon {unknown}
 m - a scroll of fear {unknown}
 n - a scroll of summoning {unknown}
 o - 2 scrolls of teleportation {unknown}
 p - a scroll of amnesia {unknown}
 s - 3 scrolls of vulnerability {unknown}
Potions
 d - a potion of might
 f - a potion of haste {unknown}
 k - 2 potions of curing {unknown}
 q - a potion of heal wounds {unknown}
 r - 2 potions of lignification {unknown}


   Skills:
 + Level 3.6 Fighting
 + Level 3.0 Axes
 + Level 3.3 Armour
 + Level 0.5 Dodging
 + Level 3.2 Shields


You had 3 spell levels left.
You didn't know any spells.
Your spell library contained the following spells:

 Spells                   Type           Power      Damage    Failure   Level
 Ensorcelled Hibernation  Hex/Ice        0%         N/A       92%         2
 Anguish                  Hex/Necr       0%         N/A       100%        4
 Animate Armour           Summ/Erth      0%         N/A       100%        4
 Summon Lightning Spire   Summ/Air       0%         N/A       100%        4
 Lee's Rapid Deconstruct  Erth           0%         3d4*      100%        5


Dungeon Overview and Level Annotations

Branches:
Dungeon (3/15)

Altars:

Annotations:
D:3 1 runed translucent door, Crazy Yiuf


Innate Abilities, Weirdness & Mutations

You have a pair of small horns on your head.
You are partially covered in rugged brown scales. (AC +1, +3% HP)


Message History

You hit the water moccasin.
Your headbutt misses the water moccasin.
The water moccasin is moderately wounded.
You feel very sick.
The water moccasin barely misses you. x2
You hit the water moccasin. You headbutt the water moccasin.
The water moccasin is heavily wounded.
You feel very sick. The water moccasin barely misses you.
The water moccasin bites you but does no damage.
You miss the water moccasin.
You headbutt the water moccasin, but do no damage.
The water moccasin is heavily wounded.
You feel very sick. You block the water moccasin's attack.
The water moccasin bites you.
You slash the water moccasin!
Your headbutt misses the water moccasin.
The water moccasin is severely wounded.
You feel sick. You block the water moccasin's attack.
The water moccasin bites you.
You are more poisoned.
The water moccasin poisons you!
You closely miss the water moccasin.
The water moccasin is severely wounded.
You feel extremely sick. The water moccasin bites you!
* * * LOW HITPOINT WARNING * * *
The water moccasin closely misses you.
You closely miss the water moccasin.
Your headbutt misses the water moccasin.
The water moccasin is severely wounded.
* * * LOW HITPOINT WARNING * * *
You feel very sick.
The water moccasin bites you but does no damage.
The water moccasin bites you.
* * * LOW HITPOINT WARNING * * *
Unknown command.
You closely miss the water moccasin.
The water moccasin is severely wounded.
You die...

#.......#
#.#.#
###.#####
#.#.# #.#
#.#.# #.#
#.#.# #.#
#.#.### ###
#.#...#
.###.#
#######S# #.#
### #.....@.#
#.# ♣♣#..)#
#.####### #.#
♣.+...# #.#
#†# .♣#...#
#.# #.# ♣♣
###
#.#########.#
#.......)...#
#############
#### #..#


You could see a water moccasin.

Vanquished Creatures
  A howler monkey (D:3)
  3 adders
  3 dart slugs
  4 orcs (D:3)
  5 bats
  3 endoplasms
  A giant cockroach (D:2)
  10 goblins
  2 hobgoblins
  2 jackals (D:1)
  3 kobolds
  3 quokkas
  5 ball pythons
  5 frilled lizards
  2 rats
52 creatures vanquished.

Notes
Turn   | Place    | Note
-------+----------+-------------------------------------------
     0 | D:1      | Maratek the Demonspawn Fighter began the quest for the Orb.
     0 | D:1      | Reached XP level 1. HP: 18/18 MP: 1/1
    85 | D:1      | Gained mutation: You are partially covered in rugged brown
                  | scales. (AC +1, +3% HP) [demonic ancestry]
    85 | D:1      | Reached XP level 2. HP: 18/24 MP: 2/2
   660 | D:1      | Reached XP level 3. HP: 29/29 MP: 3/3
  1478 | D:3      | Gained mutation: You have a pair of small horns on your
                  | head. [demonic ancestry]
  1478 | D:3      | Reached XP level 4. HP: 35/36 MP: 4/4
  1653 | D:3      | Found a runed translucent door.
  1654 | D:3      | Noticed Crazy Yiuf
  1802 | D:3      | Noticed a water moccasin
  1809 | D:3      | HP: 1/37 [water moccasin (1)]
  1810 | D:3      | Succumbed to a water moccasin's poison

Illustrated notes

Levels and vault maps discovered:
D:1:      elethiomel_arrival_shortcut, layout_loops_corners
D:2:      layout_rooms
D:3:      layout_basic, uniq_crazy_yiuf_cottage

Skill      XL: |  1  2  3  4 |
---------------+-------------+-----
Axes           | 2 3 |  3.0
Armour         | 3 |  3.3
Shields        | 3 |  3.2
Fighting       | |  3.6
Dodging        | |  0.5

Action                     |  1- 3 |  4- 6 || total
---------------------------+-------+-------++-------
  Melee: War axe           |    97 |    37 ||   134
         Headbutt          |       |     6 ||     6
 Armour: Scale mail        |    48 |    15 ||    63
  Dodge: Dodged            |    53 |    16 ||    69
  Block: Buckler           |    30 |    14 ||    44

Table legend: (Time is in decaauts)
 A = Elapsed time spent in this place.
 B = Non-inter-level travel time spent in this place.
 C = Inter-level travel time spent in this place.
 D = Time resting spent in this place.
 E = Time spent auto-exploring this place.
 F = Levels seen in this place.
 G = Mean time per level.
                   A        B        C        D        E       F      G
               +--------+--------+--------+--------+--------+-----+--------+
         Total |   1865 |   1741 |    124 |      0 |   1391 |   3 |  621.7 |
       Dungeon |   1865 |   1741 |    124 |      0 |   1391 |   3 |  621.7 |
               +--------+--------+--------+--------+--------+-----+--------+

Top non-repeatable levels by time:
     D:1: 849 daAuts
     D:2: 604 daAuts
     D:3: 411 daAuts
